 Dungeon Crawl Stone Soup version 0.31-a0-841-g038b102fc3 (webtiles) character file.

Game seed: 4945633287821230647

249 demibob the Ruffian (level 5, -1/45 HPs)
             Began as a Draconian Chaos Knight on Sept 27, 2023.
             Was a Plaything of Xom.
             Slain by a quokka (3 damage)
             ... on level 3 of the Dungeon.
             The game lasted 00:04:50 (2317 turns).

demibob the Ruffian (Draconian Chaos Knight)        Turns: 2317, Time: 00:04:51

Health: -1/45      AC:  6    Str: 14    XL:     5   Next: 86%
Magic:  5/5        EV: 12    Int: 12    God:    Xom [...*..]
Gold:   87         SH:  0    Dex: 13    Spells: 4/4 levels left

rFire   . .          .
                       - Unarmed
rCold   . . .        (no shield)
rNeg    + . .        (body armour unavailable)
rPois   .            (helmet restricted)
rElec   .            g - +0 cloak
rCorr   .            (no gloves)
SInv    .            (no boots)
Will    +....        (no amulet)
Stlth   +            N - ring of positive energy
HPRegen 0.27/turn    (no ring)
MPRegen 0.09/turn

%: no passive effects
@: enlightened, flying, invisible
A: AC +5, unfitting armour, cold-blooded
a: Renounce Religion


You were on level 3 of the Dungeon.
You worshipped Xom.
You were a favourite toy of Xom.
You visited 1 branch of the dungeon, and saw 3 of its levels.

You collected 87 gold pieces.


Innate Abilities, Weirdness & Mutations

Your plain brown scales are hard. (AC +5)
You cannot fit into any form of body armour.
You are cold-blooded and may be slowed by cold attacks.


   Skills:
 - Level 3.2 Fighting
 - Level 2.1 Dodging
 * Level 5.7 Unarmed Combat
 + Level 2.8 Shapeshifting


You had 4 spell levels left.
You didn't know any spells.
Your spell library contained the following spells:

 Spells                   Type           Power      Damage    Failure   Level
 Shock                    Conj/Air       0%         1d3       32%         1
 Swiftness                Air            0%         N/A       69%         3
 Airstrike                Air            0%         2d(0-16)  97%         4

Inventory:

Missiles
 e - a throwing net {=f}
Armour
 g - a +0 cloak (worn)
Magical Staves
 f - a staff of death {!a}
Jewellery
 C - a ring of protection from cold
 I - a +6 ring of intelligence
 N - a ring of positive energy (left hand)
Scrolls
 d - 2 scrolls of identify {@r1}
Potions
 b - a potion of curing {@q1}

Dungeon Overview and Level Annotations

Branches:
Dungeon (3/15)

Altars:
Wu Jian
Xom

Shops:
D:1 ( D:2

[ #### #.# #.≈≈###
≈≈≈≈.##.# #..~≈.#
...≈.##.# #.##~≈.#
▒▒.≈.##.###..#####
.▒.≈........#.#
.▒.≈##..##...##
.▒.≈##..##.bb####
.▒.≈##..##.≈b..b###
.▒.≈##..#..≈#.#b@.#
≈.▒.......#######r#
≈.▒.##..### #hB#
≈.▒.##..# ##.).
≈.▒.##..# #..~~
≈.▒.....# :.....
..▒.###.. #....#
▒▒▒.# ..# #.#.. ...
..# ....


You could see a quokka (unable to see you), a jackal (unable to see you) and a
giant cockroach (unable to see you).


Message History

It was a potion of enlightenment.
You feel very buoyant.
You fly up into the air.
Xom roars with laughter!
The manticore bites you.
* * * LOW HITPOINT WARNING * * *
The manticore completely misses you. The manticore claws you.
* * * LOW HITPOINT WARNING * * *
You fade into invisibility!
The manticore changes into an orb spider!
The orb spider spins a strand of pure energy.
You see here a jackal corpse. "Get over here!"
The orb spider blinks!
The orb spider weaves a glowing orb of energy.
An orb of destruction comes into view.
The quokka closely misses your butterfly.
The orb spider spins a strand of pure energy.
The orb of destruction hits a rock wall.
The quokka bites your butterfly.
Your butterfly dies!
Your butterfly disappears in a burst of colours!
You see here a jackal corpse.
You closely miss the quokka. The quokka bites you.
* * * LOW HITPOINT WARNING * * *
The quokka bites you.
* * * LOW HITPOINT WARNING * * *
You barely miss the quokka.
Your tail-slap misses the quokka.
The quokka bites you.
You die...

Skill      XL: |  1  2  3  4 |
---------------+-------------+-----
Shapeshifting  | 1 2 |  2.8
Unarmed Combat | 4 5 |  5.7
Fighting       | |  3.2
Dodging        | |  2.1

Action                     |  1- 3 |  4- 6 || total
---------------------------+-------+-------++-------
  Melee: Unarmed           |   120 |   116 ||   236
         Tailslap          |    13 |    12 ||    25
         Punch             |     7 |     3 ||    10
    Use: Scroll            |     5 |     5 ||    10
         Potion            |     2 |     3 ||     5
   Stab: Invisible         |     1 |       ||     1
         Confused          |     3 |       ||     3
         Sleeping          |     1 |     1 ||     2
 Armour: Skin              |    59 |    66 ||   125
  Dodge: Dodged            |    77 |    75 ||   152

Levels and vault maps discovered:
D:1:      tarquinn_simple_flora_water_f, layout_rooms, serial_corexii_hall,
          corexii_hall_statues_l, chequers_hall_statues_corner_a,
          corexii_hall_statues_l, corexii_hall_statues_x,
          corexii_hall_statues_u, corexii_hall_statues_deadend, serial_shops,
          shop
D:2:      layout_rooms, shapermc_ecumenical_altar_mp_highgroup, serial_shops,
          shop_fountains, uniq_jessica, uniq_crazy_yiuf_cottage
D:3:      layout_loops_ring, lemuel_doored_altar, nicolae_overflow_squiral,
          serial_rivers, chequers_serial_rivers_micro_c,
          chequers_serial_rivers_large_b, chequers_serial_rivers_small_b,
          chequers_serial_rivers_large_a, chequers_serial_rivers_room_b,
          chequers_serial_rivers_micro_c

Notes
Turn   | Place    | Note
-------+----------+-------------------------------------------
     0 | D:1      | demibob the Draconian Chaos Knight began the quest for the
                  | Orb.
     0 | D:1      | Reached XP level 1. HP: 19/19 MP: 1/1
    19 | D:1      | XOM: silly message
    20 | D:1      | XOM: potion effect (invisibility)
    24 | D:1      | XOM: butterfly on damage
    31 | D:1      | Reached XP level 2. HP: 6/26 MP: 2/2
    81 | D:1      | XOM: 1-stop teleportation journey
   180 | D:1      | Reached skill level 1 in Shapeshifting
   182 | D:1      | Found Guddav's Weapon Emporium.
   405 | D:1      | XOM: 1-stop teleportation journey
   458 | D:1      | XOM: noise
   507 | D:1      | XOM: confuse monster(s)
   526 | D:1      | Reached XP level 3. HP: 31/31 MP: 3/3
   809 | D:2      | Found Nenumiw's Antique Armour Shoppe.
   815 | D:2      | Reached skill level 4 in Unarmed Combat
   870 | D:2      | XOM: divination: detect items
   925 | D:2      | Found a faded altar of an unknown god.
   978 | D:2      | XOM: 1-stop teleportation journey
   992 | D:2      | HP: 3/31 [spore (28)]
   995 | D:2      | XOM: divination: detect creatures
  1154 | D:1      | XOM: confuse monster(s)
  1162 | D:1      | Reached XP level 4. HP: 26/38 MP: 4/4
  1246 | D:2      | XOM: 5-stop teleportation journey
  1322 | D:2      | Reached skill level 2 in Shapeshifting
  1343 | D:2      | Noticed Jessica
  1350 | D:2      | Killed Jessica
  1367 | D:2      | XOM: silly message
  1640 | D:2      | Found a runed translucent door.
  1641 | D:2      | Noticed Crazy Yiuf
  1698 | D:2      | Killed Crazy Yiuf
  1699 | D:2      | Reached skill level 5 in Unarmed Combat
  1699 | D:2      | Reached XP level 5. HP: 24/45 MP: 5/5
  1836 | D:3      | XOM: stealth player
  2130 | D:3      | XOM: divination: magic mapping
  2211 | D:3      | Found an ornate altar of the Wu Jian Council.
  2214 | D:3      | Found a shimmering altar of Xom.
  2297 | D:3      | XOM: god gift: scroll labelled KUOPEMPABO {god gift}
  2299 | D:3      | an orc changed into a glowing shapeshifter
  2299 | D:3      | Noticed a glowing shapeshifter (glowing shapeshifter)
  2299 | D:3      | XOM: polymorph orc -> glowing shapeshifter
  2299 | D:3      | a glowing shapeshifter changed into a manticore
  2299 | D:3      | Noticed a manticore (glowing shapeshifter)
  2309 | D:3      | HP: 4/45 [manticore (glowing shapeshifter) (2)]
  2310 | D:3      | a manticore changed into an orb spider
  2310 | D:3      | Noticed an orb spider (glowing shapeshifter)
  2313 | D:3      | XOM: blink monster(s)
  2316 | D:3      | HP: 2/45 [quokka (3)]
  2317 | D:3      | Slain by a quokka

Vanquished Creatures
  A bullfrog (D:3)
  Crazy Yiuf (D:2)
  Jessica (D:2)
  5 gnolls
  An adder (D:2)
  3 worms
  3 dart slugs
  9 ball pythons
  2 endoplasms
  A giant cockroach (D:2)
  2 goblins
  2 hobgoblins
  11 jackals
  5 quokkas
  5 bats
  A frilled lizard (D:3)
  2 kobolds
  6 rats
61 creatures vanquished.

Table legend: (Time is in decaauts)
 A = Elapsed time spent in this place.
 B = Non-inter-level travel time spent in this place.
 C = Inter-level travel time spent in this place.
 D = Time resting spent in this place.
 E = Time spent auto-exploring this place.
 F = Levels seen in this place.
 G = Mean time per level.
                   A        B        C        D        E       F      G
               +--------+--------+--------+--------+--------+-----+--------+
         Total |   2334 |   2244 |     90 |    210 |   1496 |   3 |  778.0 |
       Dungeon |   2334 |   2244 |     90 |    210 |   1496 |   3 |  778.0 |
               +--------+--------+--------+--------+--------+-----+--------+

Top non-repeatable levels by time:
     D:1: 998 daAuts
     D:2: 832 daAuts
     D:3: 503 daAuts

Table legend:
 A = Non-vault XP
 B = Vault XP
 C = Vault XP percentage of total XP
 D = Non-vault monster count
 E = Vault monster count
 F = Vault count percentage of total count
                 A         B        C        D         E       F
            +---------+---------+-------+---------+---------+-------
      Total |     279 |      77 |  21.6 |      59 |       2 |   3.3
            +---------+---------+-------+---------+---------+-------
        D:1 |      78 |       0 |   0.0 |      23 |       0 |   0.0
        D:2 |      73 |      77 |  51.3 |      16 |       2 |  11.1
        D:3 |     128 |       0 |   0.0 |      20 |       0 |   0.0
            +---------+---------+-------+---------+---------+-------
